 Dungeon Crawl Stone Soup version 0.30-a0-777-ga9a30cbeda (webtiles) character file.

Game seed: 13898885069813104770

468 Iich the Cleaver (level 7, -9/63 HPs)
             Began as a Hill Orc Fighter on Feb 13, 2023.
             Mangled by an ogre
             ... wielding a +0 giant spiked club
              (13 damage)
             ... on level 4 of the Dungeon.
             The game lasted 00:04:41 (2714 turns).

Iich the Cleaver (Hill Orc Fighter)                 Turns: 2714, Time: 00:04:42

Health: -9/63      AC:  6    Str: 19    XL:     7   Next: 8%
Magic:  7/7        EV:  9    Int:  8    God:
Gold:   53         SH:  5    Dex: 12    Spells: 6/6 levels left

rFire   . . .      SeeInvis .    a - +0 war axe
rCold   . . .      Faith    .    c - +1 buckler
rNeg    . . .      Spirit   .    b - +0 scale mail
rPois   .          Reflect  .    (no helmet)
rElec   .          Harm     .    (no cloak)
rCorr   .          Rampage  .    (no gloves)
Will    .....                    (no boots) Stlth
                                 m - amulet of the acrobat
HPRegen 0.30/turn                (no ring)
MPRegen 0.10/turn                (no ring)

@: no status effects
A: no striking features
a: no special abilities


You were on level 4 of the Dungeon.
You visited 1 branch of the dungeon, and saw 4 of its levels.
You also visited: Sewer.

You collected 53 gold pieces.

Inventory:

Hand Weapons
 a - a +0 war axe (weapon)
Armour
 b - a +0 scale mail (worn)
 c - a +1 buckler (worn)
Jewellery
 m - an amulet of the acrobat (around neck)
Scrolls
 g - 2 scrolls of enchant armour
 i - a scroll of magic mapping
 j - a scroll of vulnerability
 k - a scroll of silence
 n - a scroll of fog {unknown}
 p - a scroll of teleportation {unknown}
Potions
 d - 2 potions of might
 e - a potion of brilliance {unknown}
 f - 2 potions of heal wounds
 h - a potion of flight
 l - a potion of curing {unknown}
 o - a potion of mutation {unknown}


   Skills:
 + Level 6.1 Fighting
 * Level 8.1 Axes
 - Level 3.2 Armour
 - Level 3.2 Shields


You had 6 spell levels left.
You didn't know any spells.
Your spell library contained the following spells:

 Spells                   Type           Power      Damage    Failure   Level
 Stone Arrow              Conj/Erth      0%         3d7       99%         3
 Animate Armour           Summ/Erth      0%         N/A       100%        4
 Lehudib's Crystal Spear  Conj/Erth      0%         10d2      100%        8


Dungeon Overview and Level Annotations

Branches:
Dungeon (4/15)              Sewer (visited)
 Temple: D:4-7

Altars:
Ashenzari
Yredelemnul

Shops:
D:2 *


Message History

Found a short sword.
The iguana hisses angrily.
The ogre shouts!
There is an open door here.
A gnoll comes into view. It is wielding a +0 whip.
The gnoll shouts!
You hear a shout!
A gnoll comes into view. It is wielding a +0 whip.
The kobold hits you but does no damage.
You closely miss the kobold. The kobold hits you but does no damage.
A hobgoblin comes into view.
You closely miss the ogre. You barely miss the kobold.
The kobold hits you but does no damage. The ogre misses you.
You slash the ogre!
The ogre is moderately wounded.
You hit the gnoll. You barely miss the iguana. You hit the kobold.
The iguana bites you. The gnoll hits you with a +0 flail.
The kobold hits you with a +0 whip.
You barely miss the ogre.
The ogre is moderately wounded.
You hit the kobold but do no damage. You closely miss the gnoll.
You hit the iguana but do no damage.
The ogre hits you with a +0 giant spiked club!!
The kobold hits you with a +0 whip. You block the gnoll's attack.
The iguana bites you.
* * * LOW HITPOINT WARNING * * *
You are too injured to fight recklessly!
You hit the ogre but do no damage.
The ogre is moderately wounded.
You slash the kobold!
You kill the kobold!
You hit the gnoll. You hit the iguana. The iguana bites you!
* * * LOW HITPOINT WARNING * * *
The ogre hits you with a +0 giant spiked club!
* * * LOW HITPOINT WARNING * * *
You slash the ogre!
The ogre is almost dead.
You hit the gnoll but do no damage. You closely miss the gnoll.
You closely miss the iguana. The iguana completely misses you.
The gnoll closely misses you.
The ogre hits you with a +0 giant spiked club!
You die...

####.##.#####...#
#.##.........#
.....######.##
####..# #..#
..$.#..# ##.#
.....#..# #.#
#.._..+..#
###'####
##......###
#...@gg...#
#...Ogl.....#
#.....⌠..g...
..'....≈.≈≈≈...
.##....≈...≈...
#.^..≈.⌠)≈...
#....≈...≈...
##...≈≈≈.≈...


You could see an ogre, an iguana, 3 gnolls and a hobgoblin.

Vanquished Creatures
  A phantom (D:2)
  A kobold brigand (Sewer)
  A necrophage (D:4)
  An iguana (D:3)
  4 gnolls (D:4)
  3 river rats (Sewer)
  11 adders
  A dart slug (D:1)
  6 ball pythons
  2 bats
  3 endoplasms
  4 giant cockroaches
  4 hobgoblins
  10 jackals
  7 kobolds
  2 quokkas (D:1)
  3 frilled lizards (Sewer)
  3 goblins
  7 rats
74 creatures vanquished.

Vanquished Creatures (others)
  31 plants
31 creatures vanquished.

Grand Total: 105 creatures vanquished

Notes
Turn   | Place    | Note
-------+----------+-------------------------------------------
     0 | D:1      | Iich the Hill Orc Fighter began the quest for the Orb.
     0 | D:1      | Reached XP level 1. HP: 19/19 MP: 1/1
    44 | D:1      | Reached skill level 3 in Axes
    64 | D:1      | Reached XP level 2. HP: 27/27 MP: 2/2
    88 | D:1      | Found a faded altar of an unknown god.
   423 | D:1      | Reached skill level 4 in Axes
   542 | D:1      | Reached XP level 3. HP: 25/33 MP: 3/3
   713 | D:2      | Found Tacuyb's Assorted Antiques.
   717 | D:2      | Noticed a phantom
   733 | D:2      | Killed a phantom
   734 | D:2      | Reached skill level 5 in Axes
   734 | D:2      | Reached XP level 4. HP: 30/41 MP: 4/4
   893 | D:3      | Reached XP level 5. HP: 27/47 MP: 5/5
  1208 | D:3      | Reached skill level 5 in Fighting
  1208 | D:3      | Reached skill level 6 in Axes
  1433 | D:4      | Found a glowing drain.
  1658 | Sewer    | Entered a sewer
  1685 | Sewer    | Reached XP level 6. HP: 53/56 MP: 6/6
  1729 | Sewer    | Reached skill level 7 in Axes
  2563 | D:4      | Found a broken altar of Ashenzari.
  2563 | D:4      | Found a basalt altar of Yredelemnul.
  2572 | D:4      | Reached skill level 8 in Axes
  2572 | D:4      | Reached XP level 7. HP: 53/63 MP: 7/7
  2714 | D:4      | Mangled by an ogre

Illustrated notes

Levels and vault maps discovered:
D:1:      erik_arrival_orb_chamber, layout_basic, ebering_ecumenical_altar_mist
D:2:      layout_basic, serial_shops, nicolae_square_shop,
          nicolae_shop_overgrown_old_shop
D:3:      kennysheep_the_goblin_king, layout_loops_ring,
          mainiacjoe_overflow_brackets, bloody_makhleb,
          mainiacjoe_overflow_small_starburst, minmay_snake_closets
D:4:      layout_loops_corners, mainiacjoe_overflow_catwalk,
          amcnicky_altar_gilded, gup_sewer_entry_glass,
          hangedman_abyss_or_decor_jellyfish_corner, kennysheep_potato

Skill      XL: |  1  2  3  4  5  6 |
---------------+-------------------+-----
Axes           | 3 4 5 6 8 |  8.1
Fighting       | 4 5 6 |  6.1
Armour         | |  3.2
Shields        | |  3.2

Action                     |  1- 3 |  4- 6 |  7- 9 || total
---------------------------+-------+-------+-------++-------
  Melee: War axe           |    53 |   158 |    18 ||   229
    Use: Scroll            |       |     6 |       ||     6
 Armour: Scale mail        |    26 |    57 |     3 ||    86
  Dodge: Dodged            |    29 |    83 |     8 ||   120
  Block: Buckler           |    15 |    22 |     1 ||    38

Table legend: (Time is in decaauts)
 A = Elapsed time spent in this place.
 B = Non-inter-level travel time spent in this place.
 C = Inter-level travel time spent in this place.
 D = Time resting spent in this place.
 E = Time spent auto-exploring this place.
 F = Levels seen in this place.
 G = Mean time per level.
                   A        B        C        D        E       F      G
               +--------+--------+--------+--------+--------+-----+--------+
         Total |   2967 |   2967 |      0 |    426 |   1598 |   5 |  593.4 |
       Dungeon |   1951 |   1951 |      0 |    426 |   1070 |   4 |  487.8 |
         Sewer |   1016 |   1016 |      0 |      0 |    527 |   1 | 1016.0 |
               +--------+--------+--------+--------+--------+-----+--------+

Top non-repeatable levels by time:
   Sewer: 1016 daAuts
     D:1: 688 daAuts
     D:3: 542 daAuts
     D:4: 533 daAuts
     D:2: 186 daAuts
